 Dungeon Crawl Stone Soup version 0.30-a0-782-ge64f9170bb (webtiles) character file.

Game seed: 12723410906579300838

1297 Oxelix the Cleaver (level 8, -1/73 HPs)
             Began as a Hill Orc Fighter on Feb 18, 2023.
             Was a Believer of Kikubaaqudgha.
             Succumbed to a hornet's poison
             ... on level 5 of the Dungeon.
             The game lasted 00:06:46 (4531 turns).

Oxelix the Cleaver (Hill Orc Fighter)               Turns: 4531, Time: 00:06:48

Health: -1/73      AC:  9    Str: 21    XL:     8   Next: 56%
Magic:  7/8        EV:  9    Int:  8    God:    Kikubaaqudgha [**....]
Gold:   234        SH:  4    Dex: 10    Spells: 6/7 levels left

rFire   . . .      SeeInvis .    a - +0 war axe
rCold   . . .      Faith    .    c - +0 buckler
rNeg    . . .      Spirit   .    b - +0 scale mail
rPois   .          Reflect  .    (no helmet)
rElec   .          Harm     .    (no cloak)
rCorr   .          Rampage  .    e - +0 pair of gloves
Will    .....                    p - +0 pair of boots Stlth
                                 n - amulet of the acrobat
HPRegen 0.32/turn                s - ring of wizardry
MPRegen 0.11/turn                y - ring of wizardry

@: lethally poisoned (-1 -> -17), slowed, very slow
A: no striking features
a: Renounce Religion, Unearth Wretches


You were on level 5 of the Dungeon.
You worshipped Kikubaaqudgha.
Kikubaaqudgha was pleased with you.
You visited 1 branch of the dungeon, and saw 5 of its levels.

You collected 234 gold pieces.

Inventory:

Hand Weapons
 a - a +0 war axe (weapon)
Armour
 b - a +0 scale mail (worn)
 c - a +0 buckler (worn)
 e - a +0 pair of gloves (worn)
 p - a +0 pair of boots (worn)
Magical Staves
 l - a staff of conjuration
Jewellery
 n - an amulet of the acrobat (around neck)
 q - an amulet of guardian spirit
 s - a ring of wizardry (left hand)
 y - a ring of wizardry (right hand)
Wands
 m - a wand of flame (11)
 B - a wand of digging (4)
Scrolls
 f - a scroll of torment {unknown}
 g - 2 scrolls of magic mapping {unknown}
 h - a scroll of teleportation {unknown}
 i - a scroll of blinking {unknown}
 j - 3 scrolls of enchant weapon {unknown}
 o - 4 scrolls of identify {unknown}
 w - a scroll of enchant armour {unknown}
 x - a scroll of fog {unknown}
 A - a scroll of vulnerability {unknown}
Potions
 d - a potion of might
 k - a potion of brilliance {unknown}
 r - 2 potions of heal wounds {unknown}
 t - 2 potions of curing {unknown}
 u - 2 potions of lignification {unknown}
 v - 4 potions of degeneration {unknown}
 z - a potion of magic {unknown}
 C - a potion of mutation {unknown}
 D - a potion of invisibility {unknown}


   Skills:
 + Level 7.1 Fighting
 * Level 10.0 Axes
 - Level 3.2 Armour
 - Level 3.2 Shields
 + Level 4.3 Necromancy


You had 6 spell levels left.
You knew the following spells:

 Your Spells              Type           Power      Damage    Failure   Level
a - Necrotise             Necr           24%        1d5       7%          1

Your spell library contained the following spells:

 Spells                   Type           Power      Damage    Failure   Level
 Sublimation of Blood     Necr           6%         N/A       11%         2
 Cigotuvi's Dreadful Rot  Necr/Pois/Air  4%         N/A       32%         2
 Animate Dead             Necr           6%         N/A       54%         4


Dungeon Overview and Level Annotations

Branches:
Dungeon (5/15)             Temple (0/1) D:4

Altars:
Kikubaaqudgha

Shops:
D:4 =


Message History

The hornet closely misses you. You block the hornet's attack.
The hornet barely misses you.
You completely miss the hornet.
The hornet is moderately wounded.
You feel yourself speed up. The hornet stings you!
You feel yourself slow down.
The hornet stings you but does no damage.
You hit the hornet but do no damage.
The hornet is moderately wounded.
The hornet stings you!
You feel as though you will be slow longer.
The hornet stings you!
You are poisoned.
You suddenly lose the ability to move!
You can move again.
You hit the hornet.
The hornet is heavily wounded.
You feel very sick. The hornet barely misses you.
You block the hornet's attack. The hornet closely misses you.
The iguana bites you but does no damage.
You barely miss the hornet.
The hornet is heavily wounded.
You hit the iguana.
You feel very sick. The hornet stings you!
* * * LOW HITPOINT WARNING * * *
You shrug off the repeated paralysis!
The iguana barely misses you. The hornet stings you!
* * * LOW HITPOINT WARNING * * *
You are more poisoned.
You feel as though you will be slow longer.
Casting: Necrotise (safe; 7% risk of failure)
Confirm with . or Enter, or press ? or * to list all spells.
Aiming: Necrotise (safe; 7% risk of failure)
Press: ? - help, Shift-Dir - straight line, f - iguana
Aim: an iguana (moderately wounded, chance to affect: 62%)
The iguana writhes in agony.
You die...
Kikubaaqudgha rasps: "You have failed me!
Welcome... death!"

.###.#...............[
.###..................
...####...............
##.#####.....##.....##
#...# #.###.######### .
###.###.......# #...#..
#...<####)#.##.......
####...##.#..........
###....##.@l......
#########...###..y......
......##...## ##........
......#..#...# ##.......
......#.####.# ...#...
........####.## ...# ##
.............. ...#
......#.##..#.. ####
...........## ..


You could see a hornet and an iguana.

Vanquished Creatures
  Pikel (D:5)
  Sigmund (D:3)
  A black bear (D:4)
  An ogre (D:4)
  A phantom (D:5)
  An orc priest (D:4)
  2 hounds
  Natasha (thrice) (D:4)
  3 iguanas
  3 orc wizards
  5 adders
  A white imp (D:5)
  A worm (D:2)
  2 dart slugs
  8 orcs
  11 ball pythons
  A bat (D:2)
  8 endoplasms
  5 giant cockroaches
  10 goblins
  3 hobgoblins
  6 jackals
  3 quokkas
  3 frilled lizards
  8 kobolds
  8 rats
100 creatures vanquished.

Notes
Turn   | Place    | Note
-------+----------+-------------------------------------------
     0 | D:1      | Oxelix the Hill Orc Fighter began the quest for the Orb.
     0 | D:1      | Reached XP level 1. HP: 19/19 MP: 1/1
   156 | D:1      | Reached skill level 3 in Axes
   190 | D:1      | Reached XP level 2. HP: 27/27 MP: 2/2
   428 | D:1      | Reached skill level 4 in Axes
   510 | D:1      | Reached XP level 3. HP: 33/33 MP: 3/3
  1274 | D:2      | Reached XP level 4. HP: 41/41 MP: 4/4
  1490 | D:2      | Reached skill level 5 in Axes
  1643 | D:2      | Found a faded altar of an unknown god.
  1770 | D:2      | Prayed at the altar of an unknown god.
  1770 | D:2      | Became a worshipper of Kikubaaqudgha
  1770 | D:2      | Reached * piety under Kikubaaqudgha
  1770 | D:2      | Received a gift from Kikubaaqudgha
  2176 | D:3      | Learned a level 1 spell: Necrotise
  2401 | D:3      | Noticed Sigmund
  2418 | D:3      | Killed Sigmund
  2419 | D:3      | Reached skill level 5 in Fighting
  2419 | D:3      | Reached skill level 6 in Axes
  2419 | D:3      | Reached skill level 1 in Necromancy
  2419 | D:3      | Reached XP level 5. HP: 36/48 MP: 5/5
  2419 | D:3      | Reached XP level 6. HP: 42/56 MP: 6/6
  2889 | D:4      | Noticed Natasha
  2902 | D:4      | Killed Natasha
  2982 | D:4      | Reached skill level 7 in Axes
  3228 | D:4      | Reached XP level 7. HP: 53/62 MP: 4/7
  3727 | D:4      | Noticed Natasha
  3734 | D:4      | Killed Natasha
  3735 | D:4      | Reached skill level 8 in Axes
  3774 | D:4      | Found Caug's Jewellery Shop.
  3931 | D:4      | Reached ** piety under Kikubaaqudgha
  4048 | D:4      | Found a staircase to the Ecumenical Temple.
  4141 | D:4      | Noticed Natasha
  4149 | D:4      | Killed Natasha
  4231 | D:5      | Entered Level 5 of the Dungeon
  4356 | D:5      | Reached XP level 8. HP: 69/71 MP: 4/8
  4404 | D:5      | Noticed Pikel
  4419 | D:5      | Killed Pikel
  4420 | D:5      | Reached skill level 10 in Axes
  4522 | D:5      | Noticed a hornet
  4528 | D:5      | Paralysed by a hornet for 1 turns
  4531 | D:5      | Succumbed to a hornet's poison

Illustrated notes

Levels and vault maps discovered:
D:1:      evilmike_arrival_fibonacci_small, layout_basic,
          kennysheep_small_spiral, minivault_19
D:2:      layout_basic, dilly_ecumenical_altar_fadedgnrine
D:3:      layout_basic, uniq_sigmund
D:4:      layout_loops_ring, temple_hall, serial_shops, nicolae_lakefront_shop,
          uniq_natasha
D:5:      layout_rooms, mainiacjoe_overflow_tiny_flanked,
          mainiacjoe_overflow_divided_tiny, uniq_pikel, uniq_grinder,
          uniq_prince_ribbit1

Skill      XL: |  1  2  3  4  5  6  7  8 |
---------------+-------------------------+-----
Axes           | 3 4 6 7 8 10 | 10.0
Fighting       | 4 5 6 7 |  7.1
Necromancy     | 1 2 3 4 |  4.3
Armour         | |  3.2
Shields        | |  3.2

Action                     |  1- 3 |  4- 6 |  7- 9 || total
---------------------------+-------+-------+-------++-------
  Melee: War axe           |    74 |   110 |   103 ||   287
   Cast: Necrotise         |       |     7 |     5 ||    12
 Invoke: Unearth Wretches  |       |     1 |       ||     1
   Stab: Paralysed         |       |     1 |       ||     1
 Armour: Scale mail        |    45 |    31 |    49 ||   125
  Dodge: Dodged            |    40 |    62 |    56 ||   158
  Block: Buckler           |    20 |    22 |    22 ||    64

Table legend: (Time is in decaauts)
 A = Elapsed time spent in this place.
 B = Non-inter-level travel time spent in this place.
 C = Inter-level travel time spent in this place.
 D = Time resting spent in this place.
 E = Time spent auto-exploring this place.
 F = Levels seen in this place.
 G = Mean time per level.
                   A        B        C        D        E       F      G
               +--------+--------+--------+--------+--------+-----+--------+
         Total |   4613 |   4380 |    233 |    286 |   3225 |   5 |  922.6 |
       Dungeon |   4613 |   4380 |    233 |    286 |   3225 |   5 |  922.6 |
               +--------+--------+--------+--------+--------+-----+--------+

Top non-repeatable levels by time:
     D:4: 1373 daAuts
     D:2: 1048 daAuts
     D:1: 945 daAuts
     D:3: 939 daAuts
     D:5: 306 daAuts
